 Dungeon Crawl Stone Soup version 0.29-a0-393-g47a863cc1b (webtiles) character file.

Game seed: 13781016334319603402

0 SkeletonJelly the Ducker (level 1, 0/11 HPs)
             Began as a Spriggan Abyssal Knight on May 10, 2022.
             Was a Believer of Lugonu.
             Killed from afar by a raiju (11 damage)
             ... with a living lightning
             ... on level 5 of the Abyss.
             The game lasted 00:01:22 (193 turns).

SkeletonJelly the Ducker (Spriggan Abyssal Knight)   Turns: 193, Time: 00:01:22

Health: 0/11       AC:  2    Str:  9    XL:     1   Next: 0%
Magic:  3/3        EV: 17    Int: 11    God:    Lugonu [**....]
Gold:   0          SH:  0    Dex: 15    Spells: 0/0 levels left

rFire   . . .      SeeInvis +   a - +1 short sword
rCold   . . .      Faith    .   (no shield)
rNeg    . . .      Spirit   .   b - +0 robe
rPois   .          Reflect  .   (helmet restricted)
rElec   .          Harm     .   (no cloak)
rCorr   .          Rampage  .   (gloves unavailable)
Will    .....                   (boots unavailable)
Stlth   +.........              (no amulet)
HPRegen 0.03/turn               (no ring)
MPRegen 0.08/turn               (no ring)

@: very quick
A: very small, no large weapons, unfitting armour, see invisible, speed 3
a: Renounce Religion, Depart the Abyss, Bend Space


You were on level 5 of the Abyss.
You worshipped Lugonu.
Lugonu was pleased with you.
You visited 0 branches of the dungeon, and saw 0 of its levels.
You visited the Abyss 1 time.

Inventory:

Hand Weapons
 a - a +1 short sword (weapon)
Armour
 b - a +0 robe (worn)


   Skills:
 + Level 2.4 Fighting
 + Level 2.1 Short Blades
 + Level 3.2 Dodging
 + Level 1.7 Invocations


You couldn't memorise any spells.
You didn't know any spells.
Your spell library was empty.

Dungeon Overview and Level Annotations

Branches:
Dungeon (0/15)

Altars:


Innate Abilities, Weirdness & Mutations

You are very small and have problems with some larger weapons.
You are too small for most types of armour.
You have supernaturally acute eyesight. (SInv)
You cover ground extremely quickly. (Speed+++)


Message History

Welcome, SkeletonJelly the Spriggan Abyssal Knight.
Will you be the one to retrieve the incredible Orb of Zot from the depths?
Lugonu says: Depart the Abyss and spread corruption, my servant! (use the ability menu to exit the Abyss) Press ? for a list of commands and other information.
Found a corrupted altar of Lugonu.
Found a gateway leading deeper into the Abyss.
There is a gateway leading deeper into the Abyss here.
You plunge deeper into the Abyss.
The sun demon shouts!
Tentacles burst from the starspawn's body! 2 starspawn tentacles come into view.
Found a gateway leading deeper into the Abyss.
There is a gateway leading deeper into the Abyss here.
You plunge deeper into the Abyss.
The abyssal rune of Zot can be found at this depth.
Found a corrupted altar of Lugonu.
Found a gateway leading deeper into the Abyss.
There is a gateway leading deeper into the Abyss here.
You plunge deeper into the Abyss.
The abyssal rune of Zot can be found at this depth.
Found a gateway leading deeper into the Abyss.
There is a gateway leading deeper into the Abyss here.
You plunge deeper into the Abyss.
The abyssal rune of Zot can be found at this depth.
Found a gateway leading out of the Abyss.
A spatial maelstrom comes into view.
A spatial vortex comes into view.
A freezing wraith comes into view.
A spatial vortex comes into view.
A raiju comes into view.
The raiju bursts into living lightning!
The living lightning hits you!
Ouch! That really hurt!
You die...

## ..# .# .####..
..## ##. .......
..#.#. ⌠......
......
.......##W##.# #
.......#...#.##.##.
#.h....@..........
.##.##.#...#.##.## #
#...#.##.#v.#...#.#
..............v.. .
#...#.##.##.....#.
##.##.#...#.#..##§#.
..................§.
##.##.#...#.##.##§#.
#...#.##.##.# .#


You could see a spatial maelstrom, a freezing wraith and a raiju.

Vanquished Creatures (others)
  2 starspawn tentacles (Abyss:2)
2 creatures vanquished.

Notes
Turn   | Place    | Note
-------+----------+-------------------------------------------
     0 | Abyss:1  | SkeletonJelly the Spriggan Abyssal Knight began the quest
                  | for the Orb.
     0 | Abyss:1  | Reached XP level 1. HP: 11/11 MP: 3/3
    66 | Abyss:2  | Noticed a sun demon
    75 | Abyss:2  | Noticed a tentacled starspawn
   105 | Abyss:3  | Found a corrupted altar of Lugonu.
   156 | Abyss:5  | Entered Level 5 of the Abyss
   185 | Abyss:5  | Noticed a spatial maelstrom
   190 | Abyss:5  | Noticed a spatial vortex
   190 | Abyss:5  | Noticed a freezing wraith
   191 | Abyss:5  | Noticed a spatial vortex
   192 | Abyss:5  | Noticed a raiju
   193 | Abyss:5  | Killed from afar by a raiju

Illustrated notes

Levels and vault maps discovered:
Abyss:5:  base: Temple, gammafunk_abyss_rune_reverse_zot, evilmike_abyss_exit_4,
          evilmike_abyss_exit_10, gammafunk_abyss_rune_reverse_zot

Table legend: (Time is in decaauts)
 A = Elapsed time spent in this place.
 B = Non-inter-level travel time spent in this place.
 C = Inter-level travel time spent in this place.
 D = Time resting spent in this place.
 E = Time spent auto-exploring this place.
 F = Levels seen in this place.
 G = Mean time per level.
                   A        B        C        D        E       F      G
               +--------+--------+--------+--------+--------+-----+--------+
         Total |    118 |    118 |      0 |      0 |     34 |   5 |   23.6 |
         Abyss |    118 |    118 |      0 |      0 |     34 |   5 |   23.6 |
               +--------+--------+--------+--------+--------+-----+--------+

Top non-repeatable levels by time:
 Abyss:1: 39 daAuts
 Abyss:2: 24 daAuts
 Abyss:5: 22 daAuts
 Abyss:3: 17 daAuts
 Abyss:4: 14 daAuts
